 Dungeon Crawl Stone Soup version 0.22.1-6-g1668fe2 (webtiles) character file.

34628 delarado the Nimble (level 13, -2/80 HPs)
             Began as a Deep Elf Fire Elementalist on Jan 15, 2019.
             Was a High Priest of Vehumet.
             Slain by a stone giant (38 damage)
             ... on level 1 of the Orcish Mines on Jan 19, 2019.
             The game lasted 02:09:51 (24059 turns).

delarado the Nimble (Deep Elf Fire Elementalist)   Turns: 24059, Time: 02:09:52

Health: -2/80      AC:  7    Str:  5    XL:     13   Next: 43%
Magic:  13/33      EV: 24    Int: 26    God:    Vehumet [*****.]
Gold:   1290       SH:  6    Dex: 23    Spells: 6/25 levels left

rFire    + . .     SeeInvis .   n - +5 hand axe of Wisdom {chop, Dex+3}
rCold    x . .     Gourm    .   v - +0 buckler {AC+3}
rNeg     . . .     Faith    .   a - +0 robe
rPois    .         Spirit   .   J - +0 hat {MR+}
rElec    .         Reflect  .   (no cloak)
rCorr    .         Harm     .   W - +0 pair of gloves
MR       ++...                  C - +0 pair of boots
Stlth    +++.......             K - amulet of magic regeneration
HPRegen  0.23/turn              p - ring of fire
MPRegen  0.48/turn              y - ring "Zirro" {MP+9 Dex+5}

@: no status effects
A: no striking features
a: Renounce Religion


You were on level 1 of the Orcish Mines.
You worshipped Vehumet.
Vehumet was extremely pleased with you.
You were hungry.

You visited 4 branches of the dungeon, and saw 19 of its levels.
You also visited: Ossuary.

You collected 1461 gold pieces.
You spent 171 gold pieces at shops.

Inventory:

Hand Weapons
 e - a +0 dagger
 n - the +5 hand axe of Wisdom (weapon) {chop, Dex+3}
   (You found it on level 6 of the Dungeon)

   It inflicts extra damage upon your enemies.
   It affects your dexterity (+3).
 o - a +1 hunting sling
 t - a +0 dagger of holy wrath
 P - the +5 quarterstaff of Valour {antimagic, Stlth+}
   (You found it on level 4 of the Lair of Beasts)

   It reduces the magical energy of the wielder, and disrupts the spells and
   magical abilities of those hit.
   Natural abilities and divine invocations are not affected.
   It makes you more stealthy.
 Z - the +4 rapier "Cuwni" {venom, rPois Str+8 Int-4}
   (You took it off an orc on level 10 of the Dungeon)

   It poisons the flesh of those it strikes.
   It affects your strength (+8).
   It affects your intelligence (-4).
   It protects you from poison.
Missiles
 i - 5 throwing nets
 j - 111 sling bullets
 k - 437 stones (quivered)
Armour
 a - a +0 robe (worn)
 b - a +1 pair of gloves
 v - a +0 buckler of protection (worn)
 C - a +0 pair of boots (worn)
 J - a +0 hat of magic resistance (worn)
 W - a +0 pair of gloves (worn)
Jewellery
 f - an uncursed ring of magical power
 p - a ring of fire (left hand)
 w - an uncursed ring of ice
 y - the ring "Zirro" (right hand) {MP+9 Dex+5}
   (You found it on level 4 of the Dungeon)

   [ring of magical power]

   It affects your dexterity (+5).
   It affects your magic capacity (+9).
 K - an amulet of magic regeneration (around neck)
 Q - an uncursed ring of magical power
 R - the ring "Lagh" {rElec rPois rF+ rC++ Str-3}
   (You found it on level 4 of the Lair of Beasts)

   [ring of protection from fire]

   It affects your strength (-3).
   It protects you from fire.
   It greatly protects you from cold.
   It insulates you from electricity.
   It protects you from poison.
 V - an uncursed ring of protection from cold
 Y - an uncursed ring of stealth
Wands
 x - a wand of paralysis (22)
 z - a wand of disintegration (11)
 D - a wand of digging (9)
 G - a wand of iceblast (1)
 N - a wand of polymorph (11)
Scrolls
 g - a scroll of immolation
 h - 6 scrolls of teleportation
 l - a scroll of brand weapon
 u - 13 scrolls of remove curse
 A - a scroll of identify
 E - 7 scrolls of enchant weapon
 L - a scroll of blinking
 M - 3 scrolls of fog
 O - a scroll of silence {Mapping?}
 S - a scroll of summoning
 T - a scroll of amnesia
Potions
 d - 5 potions of lignification
 m - 3 potions of curing
 q - a potion of magic
 r - 3 potions of ambrosia
 s - 3 potions of heal wounds
 B - 5 potions of might
 F - a potion of invisibility
 H - 2 potions of berserk rage
 U - 2 potions of haste
 X - a potion of cancellation {unknown}
Comestibles
 c - 13 rations


   Skills:
 - Level 9.2 Fighting
 - Level 12.9 Dodging
 - Level 2.4 Stealth
 - Level 4.0 Shields
 - Level 6.6 Spellcasting
 + Level 11.5 Conjurations
 + Level 11.9 Fire Magic
 - Level 7.0 Earth Magic


You had 6 spell levels left.
You knew the following spells:

 Your Spells              Type           Power        Failure   Level  Hunger
a - Flame Tongue          Conj/Fire      #####        1%          1    None
b - Conjure Flame         Conj/Fire      #######.     1%          3    None
c - Sticky Flame          Conj/Fire      #######.     1%          4    ###....
d - Fireball              Conj/Fire      #######...   1%          5    #####..
e - Iron Shot             Conj/Erth      ######....   6%          6    ######.

Your spell library contained the following spells:

 Spells                   Type           Power        Failure   Level  Hunger
 Bolt of Draining         Conj/Necr      #####.....   4%          5    #####..
 Throw Flame              Conj/Fire      ######       1%          2    None
 Inner Flame              Hex/Fire       ######..     1%          3    None
 Bolt of Magma            Conj/Fire/Erth #######...   1%          5    #####..
 Iskenderun's Battlesphe  Conj/Chrm      #####...     4%          5    #####..
 Venom Bolt               Conj/Pois      #####.....   4%          5    #####..
 Ozocubu's Armour         Chrm/Ice       #.......     21%         3    None
 Bolt of Cold             Conj/Ice       #####.....   24%         6    ######.
 Alistair's Intoxication  Tmut/Pois      #.......     88%         5    #####..
 Orb of Destruction       Conj           ######....   13%         7    #######
 Spellforged Servitor     Conj/Summ      #####.....   75%         7    #######


Dungeon Overview and Level Annotations

Branches:
Dungeon (10/15)            Temple (1/1) D:4            Lair (6/6) D:8
  Swamp (0/4) Lair:4       Spider (0/4) Lair:3        Slime (0/5) Lair:5
    Orc (2/2) D:10
    Elf: Orc:2

Altars:
Ashenzari
Cheibriados
Dithmenos
Elyvilon
Fedhas
Gozag
Hepliaklqana
Kikubaaqudgha
Makhleb
Nemelex Xobeh
Okawaru
Qazlal
Ru
Sif Muna
Trog
Uskayaw
Vehumet
Wu Jian
Xom
Yredelemnul
Zin
The Shining One
Beogh

Shops:
D:4 *   Orc:1 %

Annotations:
D:3 1 runed door
D:6 3 runed doors, Monzz's ghost, novice HOMo
Lair:2 exclusion: downstairs


Message History

Press: ? - help, Shift-Dir - straight line, f - stone giant
Aim: a stone giant (severely wounded)
You feel a surge of power!
The sticky flame hits the stone giant.
The stone giant is almost dead.
The stone giant is covered in liquid flames!
You are feeling hungry.
The stone giant burns!
You block the stone giant's attack.
The stone giant burns!
The stone giant burns!
The stone giant burns!
The stone giant stops burning.
Casting: Sticky Flame (safe; 1% risk of failure)
Confirm with . or Enter, or press ? or * to list all spells.
Aiming: Sticky Flame (safe; 1% risk of failure)
Press: ? - help, Shift-Dir - straight line, f/p - stone giant
Aim: a stone giant (almost dead)
You feel a surge of power!
The sticky flame hits the stone giant.
The stone giant is almost dead.
The stone giant is covered in liquid flames!
The stone giant burns!
The stone giant hits you!!!
You die...

##..##.....#..##
#.......#.....#
##..##.#......##
#...#.........##
##.............##
#..........#.#.##
##..............#
###.......C......#
##..#......#@.....##
#....#.....#.......#
#.................##
#......><..#).....##
##...........#.#...#
###.^............##
##.....#..........#
#................####
##................##.##


You could see a stone giant (burning).

Vanquished Creatures
  Gastronok (Lair:3)
  A stone giant (Orc:1)
  Harold (Orc:1)
  8 hydras
  A two-headed ogre (D:8)
  An orc sorcerer (Orc:2)
  A black mamba (Lair:2)
  5 spiny frogs
  4 orange demons (D:10)
  A torpor snail (Lair:4)
  A rime drake (Lair:1)
  4 komodo dragons
  A queen bee (shapeshifter) (D:9)
  A red devil (D:10)
  A polar bear (Lair:3)
  4 trolls
  15 blink frogs
  A redback (Lair:3)
  4 hippogriffs
  A basilisk (Lair:6)
  26 yaks
  2 wyverns
  3 wargs (Orc:1)
  9 porcupines
  8 water moccasins
  3 sky beasts
  A swamp drake (D:10)
  19 orc warriors
  2 ice beasts
  21 wolves
  7 ogres
  2 phantoms
  A centaur (D:8)
  7 crocodiles
  7 bullfrogs
  3 water moccasin zombies (Ossuary)
  A wyvern zombie (D:9)
  4 scorpions
  4 killer bees (D:9)
  An electric eel (Lair:3)
  A howler monkey (D:4)
  3 centaur zombies
  2 crimson imps
  3 bullfrog skeletons
  A hound (D:9)
  15 orc priests
  5 jellies
  22 orc wizards
  2 centaur skeletons
  An iguana (D:6)
  Jessica (D:2)
  Natasha (thrice) (D:3)
  3 worker ants
  3 big kobold zombies (Ossuary)
  A hound skeleton (D:4)
  3 mummies
  A howler monkey zombie (D:7)
  A worker ant zombie (D:6)
  A howler monkey skeleton (D:4)
  4 gnolls (D:6)
  11 adders
  A shadow imp (D:9)
  3 oozes (Lair:5)
  3 adder zombies (Ossuary)
  An adder skeleton (D:5)
  4 worms
  4 dart slugs
  5 leopard geckos
  69 orcs
  4 ball pythons (D:3)
  6 giant cockroaches
  A gnoll zombie (Ossuary)
  12 goblins
  6 hobgoblins
  17 jackals
  8 kobolds
  7 quokkas
  4 bats
  6 frilled lizards
  A giant cockroach zombie (D:6)
  6 hobgoblin zombies (Ossuary)
  A jackal zombie (D:6)
  4 kobold zombies (Ossuary)
  A leopard gecko skeleton (D:4)
  8 orc zombies (Ossuary)
  A quokka skeleton (D:6)
  A quokka zombie (D:8)
  6 rats
  A fungus (Orc:2)
466 creatures vanquished.

Vanquished Creatures (others)
  2 orcs (Orc:1)
  10 fungi
  5 plants
17 creatures vanquished.

Grand Total: 483 creatures vanquished

Notes
Turn   | Place    | Note
-------+----------+-------------------------------------------
     0 | D:1      | delarado the Deep Elf Fire Elementalist began the quest for
                  | the Orb.
     0 | D:1      | Reached XP level 1. HP: 10/10 MP: 6/6
   273 | D:1      | Reached XP level 2. HP: 15/15 MP: 6/8
  1277 | D:1      | Reached XP level 3. HP: 19/19 MP: 7/9
  1347 | D:2      | Noticed Jessica
  1359 | D:2      | Killed Jessica
  1776 | D:2      | Reached XP level 4. HP: 24/24 MP: 6/10
  1798 | D:2      | Learned a level 3 spell: Conjure Flame
  2864 | D:3      | Reached skill level 5 in Fire Magic
  2918 | D:3      | Reached XP level 5. HP: 28/28 MP: 11/11
  3323 | D:3      | Noticed Natasha
  3530 | D:3      | Found a runed door.
  3588 | D:3      | Found a radiant altar of Vehumet.
  3593 | D:3      | Killed Natasha
  3597 | D:3      | Became a worshipper of Vehumet
  3902 | D:3      | Noticed Natasha
  3904 | D:3      | Killed Natasha
  3947 | D:3      | Upgraded the game from 0.22.1-5-g62c59d9 to
                  | 0.22.1-6-g1668fe2
  3952 | D:3      | Learned a level 4 spell: Sticky Flame
  3970 | D:4      | Found Joum's Assorted Antiques.
  4591 | D:3      | Noticed Natasha
  4594 | D:3      | Killed Natasha
  4641 | D:4      | Reached XP level 6. HP: 20/32 MP: 11/12
  4911 | D:4      | Reached skill level 5 in Conjurations
  5505 | D:4      | Found a staircase to the Ecumenical Temple.
  5517 | D:4      | Got a twitching golden ring
  5519 | D:4      | Identified the ring "Zirro" {MP+9 Dex+5} (You found it on
                  | level 4 of the Dungeon)
  5644 | D:4      | Bought a scroll of identify for 38 gold pieces
  5644 | D:4      | Bought a shiny ring mail for 133 gold pieces
  5871 | D:4      | Found a deep blue altar of Sif Muna.
  5906 | Temple   | Entered the Ecumenical Temple
  5945 | D:5      | Entered Level 5 of the Dungeon
  6430 | D:5      | Reached XP level 7. HP: 36/36 MP: 13/13
  6542 | D:5      | Found a bloodstained altar of Trog.
  6609 | D:5      | Found a stormy altar of Qazlal.
  6609 | D:5      | Found a sacrificial altar of Ru.
  7432 | D:6      | Reached XP level 8. HP: 35/41 MP: 9/14
  8159 | D:6      | Found a runed gate.
  8159 | D:6      | Noticed Monzz's ghost (novice HOMo)
  8601 | D:6      | Found a sparkling altar of Nemelex Xobeh.
  8635 | D:6      | Found a shattered altar of Ashenzari.
  8733 | D:6      | Reached * piety under Vehumet
  8733 | D:6      | Offered knowledge of Sting by Vehumet.
  8856 | D:6      | Identified a scroll of acquirement
  8864 | D:6      | Learned a level 5 spell: Fireball
  8895 | D:6      | Got a jewelled hand axe
  8896 | D:6      | Identified the +5 hand axe of Wisdom {chop, Dex+3} (You
                  | found it on level 6 of the Dungeon)
  8981 | D:6      | Found a runed gate.
  8982 | D:6      | Found a runed gate.
  8992 | D:6      | Found a roughly hewn altar of Beogh.
 10708 | D:8      | Found a glowing golden altar of the Shining One.
 10799 | D:8      | Found a sand-covered staircase.
 10851 | Ossuary  | Entered an ossuary
 10954 | Ossuary  | Reached XP level 9. HP: 43/45 MP: 15/15
 11096 | Ossuary  | Offered knowledge of Searing Ray by Vehumet.
 11106 | Ossuary  | Reached ** piety under Vehumet
 11815 | D:8      | Reached skill level 10 in Fire Magic
 11828 | D:8      | Found a staircase to the Lair.
 11837 | D:8      | Got a coiled ruby amulet
 11838 | D:8      | Identified the amulet "Suikhlom" {Harm *Drain rF+++ Int+4
                  | Slay+3 Stlth-} (You found it on level 8 of the Dungeon)
 12132 | D:8      | Noticed a two-headed ogre
 12137 | D:8      | Killed a two-headed ogre
 12137 | D:8      | Reached skill level 10 in Conjurations
 12323 | D:8      | Noticed a troll
 12327 | D:8      | Killed a troll
 12663 | Lair:1   | Entered Level 1 of the Lair of Beasts
 12721 | Lair:1   | Offered knowledge of Stone Arrow by Vehumet.
 12868 | Lair:1   | Reached XP level 10. HP: 27/50 MP: 16/16
 13250 | Lair:1   | Noticed a four-headed hydra
 13266 | Lair:1   | Killed a four-headed hydra
 13798 | Lair:1   | Reached skill level 3 in Dodging
 13873 | Lair:1   | Reached skill level 1 in Fighting
 14092 | Lair:1   | Reached skill level 4 in Dodging
 14236 | Lair:1   | Reached skill level 5 in Dodging
 14266 | Lair:1   | Reached *** piety under Vehumet
 14560 | Lair:1   | Reached skill level 6 in Dodging
 14872 | Lair:2   | Reached XP level 11. HP: 61/61 MP: 8/17
 14950 | Lair:2   | Reached skill level 7 in Dodging
 15350 | Lair:2   | Offered knowledge of Throw Icicle by Vehumet.
 15358 | Lair:2   | Noticed a seven-headed hydra
 15361 | Lair:2   | Killed a seven-headed hydra
 15361 | Lair:2   | Reached skill level 5 in Fighting
 15361 | Lair:2   | Reached skill level 8 in Dodging
 15997 | Lair:2   | Reached skill level 9 in Dodging
 16521 | Lair:3   | Noticed a four-headed hydra
 16641 | Lair:3   | Noticed a four-headed hydra
 16859 | Lair:3   | Noticed Gastronok
 17021 | Lair:3   | Killed a four-headed hydra
 17021 | Lair:3   | Reached skill level 5 in Spellcasting
 17032 | Lair:3   | Noticed a five-headed hydra
 17036 | Lair:3   | Killed a five-headed hydra
 17036 | Lair:3   | Reached skill level 10 in Dodging
 17139 | Lair:3   | Reached XP level 12. HP: 62/71 MP: 23/23
 17178 | Lair:3   | Reached **** piety under Vehumet
 17284 | Lair:3   | Noticed a four-headed hydra
 17291 | Lair:3   | Killed a four-headed hydra
 17341 | Lair:3   | Identified the Papyrus of Venomous Cold
 17434 | Lair:3   | Killed a four-headed hydra
 17699 | Lair:3   | Reached skill level 11 in Dodging
 17822 | Lair:3   | Noticed a seven-headed hydra
 17827 | Lair:3   | Killed a seven-headed hydra
 17896 | Lair:3   | Offered knowledge of Yara's Violent Unravelling by Vehumet.
 17953 | Lair:3   | Noticed a four-headed hydra
 17956 | Lair:3   | Killed a four-headed hydra
 18042 | Lair:3   | Killed Gastronok
 18042 | Lair:3   | Reached skill level 12 in Dodging
 18122 | Lair:3   | Found a hole to the Spider Nest.
 18492 | Lair:4   | Found a staircase to the Swamp.
 18758 | Lair:4   | Got a translucent quarterstaff
 18759 | Lair:4   | Identified the +5 quarterstaff of Valour {antimagic,
                  | Stlth+} (You found it on level 4 of the Lair of Beasts)
 18946 | Lair:4   | Got a slimy lapis lazuli ring
 18947 | Lair:4   | Identified the ring "Lagh" {rElec rPois rF+ rC++ Str-3}
                  | (You found it on level 4 of the Lair of Beasts)
 19893 | Lair:5   | Found a staircase to the Slime Pits.
 20321 | Lair:6   | Entered Level 6 of the Lair of Beasts
 20330 | Lair:6   | Noticed a six-headed hydra
 20531 | D:8      | Learned a level 6 spell: Iron Shot
 20606 | D:9      | Reached skill level 1 in Earth Magic
 20819 | D:9      | Reached ***** piety under Vehumet
 20994 | D:9      | Offered knowledge of Airstrike by Vehumet.
 21022 | D:9      | Reached XP level 13. HP: 79/80 MP: 24/24
 21308 | D:9      | Found a shimmering altar of Xom.
 21312 | D:9      | Found a shimmering altar of Xom.
 21312 | D:9      | Found a shimmering altar of Xom.
 21316 | D:9      | Found a shimmering altar of Xom.
 21316 | D:9      | Found a shimmering altar of Xom.
 21365 | D:9      | Found a shimmering altar of Xom.
 21365 | D:9      | Found a shimmering altar of Xom.
 21626 | D:10     | Entered Level 10 of the Dungeon
 22191 | D:10     | Got a scorched rapier {venom}
 22192 | D:10     | Identified the +4 rapier "Cuwni" {venom, rPois Str+8 Int-4}
                  | (You took it off an orc on level 10 of the Dungeon)
 22220 | D:10     | Reached skill level 5 in Earth Magic
 22332 | D:10     | Found a staircase to the Orcish Mines.
 22525 | Orc:1    | Entered Level 1 of the Orcish Mines
 22571 | Orc:1    | You fall through a shaft!
 22571 | Orc:2    | Entered Level 2 of the Orcish Mines
 22571 | Orc:2    | Noticed an ettin
 22586 | Orc:1    | Noticed Harold
 22590 | Orc:1    | Noticed a stone giant
 22594 | Orc:1    | Killed Harold
 22605 | Orc:1    | Offered knowledge of Bolt of Draining by Vehumet.
 22617 | Orc:1    | Killed a stone giant
 22622 | Orc:1    | Found a roughly hewn altar of Beogh.
 22815 | Orc:1    | Found Woathep's Food Shoppe.
 23712 | Orc:2    | Noticed a stone giant
 24059 | Orc:1    | Slain by a stone giant

Skill      XL: |  1  2  3  4  5  6  7  8  9 10 11 12 13 |
---------------+----------------------------------------+-----
Conjurations   | 2 3 4 5 7 9 11 | 11.5
Fire Magic     | 4 5 6 7 9 11 | 11.9
Shields        | 4 |  4.0
Dodging        | 6 10 12 | 12.9
Fighting       | 4 6 9 |  9.2
Spellcasting   | 6 |  6.6
Earth Magic    | 2 7 |  7.0
Stealth        | |  2.4

Action                   |  1- 3 |  4- 6 |  7- 9 | 10-12 | 13-15 || total
-------------------------+-------+-------+-------+-------+-------++-------
Melee: Dagger            |       |       |    64 |       |       ||    64
       Hand axe          |       |       |    90 |    39 |    52 ||   181
 Fire: Hunting sling     |    28 |    87 |    55 |       |       ||   170
Throw: Stone             |    15 |     9 |    39 |    39 |    29 ||   131
 Cast: Flame Tongue      |    52 |   130 |   179 |   147 |    97 ||   605
       Sticky Flame      |       |     6 |    39 |   105 |    41 ||   191
       Conjure Flame     |       |     1 |     4 |     9 |     3 ||    17
       Fireball          |       |       |     9 |    61 |    30 ||   100
       Iron Shot         |       |       |       |       |     1 ||     1
Evoke: Wand              |       |       |     5 |       |     5 ||    10
  Use: Scroll            |     3 |    11 |     8 |     5 |     9 ||    36
       Potion            |       |     1 |       |       |     2 ||     3
 Stab: Distracted        |       |       |     1 |       |       ||     1
  Eat: Chunk             |     2 |     9 |    22 |    36 |    13 ||    82
       Ration            |       |     2 |     2 |     6 |     2 ||    12
Armor: Robe              |     3 |     7 |    54 |    14 |    12 ||    90
Dodge: Dodged            |    11 |    28 |   118 |   139 |   106 ||   402
Block: Buckler           |       |       |       |    54 |    43 ||    97
